 Dungeon Crawl Stone Soup version 0.28.0-47-ge53b351184 (webtiles) character file.

Game seed: 9079989234888477942

397 croobank the Chopper (level 6, -4/79 HPs)
             Began as a Gnoll Cinder Acolyte on Apr 27, 2022.
             Was a High Priest of Ignis.
             Splashed by a jelly's acid (6 damage)
             ... on level 4 of the Dungeon on Apr 28, 2022.
             The game lasted 00:12:19 (3410 turns).

croobank the Chopper (Gnoll Cinder Acolyte)         Turns: 3410, Time: 00:12:20

Health: -4/79      AC: 19    Str: 13    XL:     6   Next: 83%
Magic:  0/11       EV:  2    Int: 15    God:    Ignis [*****.]
Gold:   145        SH:  0    Dex:  8    Spells: 7/12 levels left

rFire   + . .      SeeInvis .   a - +3 dagger (freeze)
rCold   . . .      Faith    .   (no shield)
rNeg    . . .      Spirit   +   (armour currently unavailable)
rPois   +          Reflect  .   (helmet currently unavailable)
rElec   .          Harm     .   (cloak currently unavailable)
rCorr   .          Rampage  .   (gloves currently unavailable)
Will    .....      NoTele   +   (boots currently unavailable)
Stlth   ++........              q - amulet of guardian spirit
HPRegen 0.23/turn               (no ring)
MPRegen 0.12/turn               (no ring)

@: tree-form, corroded
A: stationary, stasis, torment immunity, boosted hp, (fangs 1), strong nose,
distributed training
a: Renounce Religion, Fiery Armour, Foxfire Swarm, Rising Flame


You were on level 4 of the Dungeon.
You worshipped Ignis.
Ignis was extremely pleased with you.
You were a tree.
You visited 1 branch of the dungeon, and saw 4 of its levels.

You collected 145 gold pieces.

Inventory:

Hand Weapons
 a - a +3 dagger of freezing (weapon)
 l - a -1 hand axe of flaming
Missiles
 f - 35 arrows
Armour
 b - a +0 ring mail
 h - a +0 chain mail
 m - a +0 leather armour (melded)
 o - a +0 cloak (melded)
Magical Staves
 j - a staff of air
Jewellery
 q - an amulet of guardian spirit (around neck)
Scrolls
 g - a scroll of identify
Potions
 e - 2 potions of invisibility


   Skills:
 + Level 6.9 Fighting
 + Level 2.1 Short Blades
 + Level 2.1 Long Blades
 + Level 6.9 Axes
 + Level 2.1 Maces & Flails
 + Level 2.1 Polearms
 + Level 2.1 Staves
 + Level 2.1 Slings
 + Level 2.1 Bows
 + Level 2.1 Crossbows
 + Level 2.1 Throwing
 + Level 2.1 Armour
 + Level 2.1 Dodging
 + Level 2.1 Stealth
 + Level 2.1 Shields
 + Level 2.1 Unarmed Combat
 + Level 3.5 Spellcasting
 + Level 1.7 Conjurations
 + Level 1.7 Hexes
 + Level 1.7 Summonings
 + Level 1.7 Necromancy
 + Level 1.7 Translocations
 + Level 1.7 Transmutations
 + Level 5.7 Fire Magic
 + Level 1.7 Ice Magic
 + Level 1.7 Air Magic
 + Level 1.7 Earth Magic
 + Level 1.7 Poison Magic
 + Level 2.3 Invocations
 + Level 2.1 Evocations


You had 7 spell levels left.
You knew the following spells:

 Your Spells              Type           Power      Damage    Failure   Level
a - Scorch                Fire           38%        2d6       2%          2
b - Stone Arrow           Conj/Erth      14%        3d7       28%         3

Your spell library contained the following spells:

 Spells                   Type           Power      Damage    Failure   Level
 Animate Armour           Summ/Erth      14%        N/A       67%         4
 Lehudib's Crystal Spear  Conj/Erth      3%         10d3      100%        8


Dungeon Overview and Level Annotations

Branches:
Dungeon (4/15)
 Temple: D:4-7

Altars:
Cheibriados
Makhleb

Annotations:
D:3 3 runed translucent doors, Lamak's ghost, amateur HOMo


Innate Abilities, Weirdness & Mutations

You are a tree.
Your roots penetrate the ground, keeping you stationary.
You cannot be teleported.
You are immune to unholy pain and torment.
Your maximum health is greatly increased.
Your equipment is partially melded.
((You have very sharp teeth.))
Your uncanny sense of smell can sniff out nearby items.
Your experience applies equally to all skills.


Message History

The orc priest is moderately wounded.
The jelly hits you but does no damage.
The orc priest calls upon Beogh to heal the orc priest.
The orc priest's wounds heal themselves!
You hit the orc priest but do no damage.
The orc priest hits you but does no damage.
The jelly hits you but does no damage.
You hit the orc priest but do no damage.
The orc priest hits you but does no damage.
The jelly hits you but does no damage.
You feel better.
The orc priest hits you but does no damage.
The jelly barely misses you.
You hit the orc priest but do no damage.
The orc priest hits you with a +0 war axe.
* * * LOW HITPOINT WARNING * * *
The jelly hits you but does no damage.
You hit the orc priest but do no damage.
The orc priest hits you but does no damage.
The jelly hits you but does no damage.
The orc priest invokes the aid of Beogh against you.
Beogh smites you!
* * * LOW HITPOINT WARNING * * *
Magic courses through your body.
The orc priest hits you but does no damage.
The jelly hits you but does no damage.
Casting: Scorch (safe; 2% risk of failure)
Confirm with . or Enter, or press ? or * to list all spells.
Aiming: Stone Arrow (dangerous; 28% risk of failure)
Press: ? - help, Shift-Dir - straight line, f - orc priest
Aim: an orc priest, wielding a +0 war axe and wearing a +0 chain mail (74% to hit)
The stone arrow hits the orc priest!
The orc priest is severely wounded.
The orc priest hits you with a +0 war axe.
* * * LOW HITPOINT WARNING * * *
The jelly barely misses you.
It was a potion of flight.
Your roots keep you in place.
The orc priest hits you but does no damage.
The jelly hits you. The acid corrodes you!
You are splashed with acid!
You die...

.# **+** ***,*** ##
##...## *..,,,* #
##.....## ####.#**,* #
##.......## #....# *,*
####.........###....***,*
...'.........'.....,,,,,*
####.........#*#o.,,*****
# *#.......#* #o#,**
*#.....#* #♣#** ##...##
#J# ########J## #.#
#........# #.# #.#####.†#
#.# #.# ###..#######.#
#.###........†...#
...........#######
#####.#...##


You could see a jelly and 2 orc priests.

Vanquished Creatures
  Eustachio (D:4)
  A wyvern zombie (D:4)
  A scorpion (D:4)
  A hound (D:4)
  7 adders
  A worm (D:4)
  2 dart slugs
  An orc (D:4)
  4 ball pythons
  2 bats
  5 endoplasms
  2 giant cockroaches (D:2)
  4 goblins
  2 hobgoblins
  2 kobolds
  3 quokkas
  A frilled lizard (D:2)
  5 rats
45 creatures vanquished.

Notes
Turn   | Place    | Note
-------+----------+-------------------------------------------
     0 | D:1      | croobank the Gnoll Cinder Acolyte began the quest for the
                  | Orb.
     0 | D:1      | Reached XP level 1. HP: 23/23 MP: 4/4
   404 | D:1      | Reached XP level 2. HP: 29/29 MP: 5/5
   548 | D:2      | Learned a level 2 spell: Scorch
   616 | D:2      | Found a faded altar of an unknown god.
   682 | D:2      | Reached XP level 3. HP: 35/35 MP: 7/7
  1047 | D:2      | Reached skill level 1 in Invocations
  1275 | D:2      | Reached skill level 1 in Short Blades
  1275 | D:2      | Reached skill level 1 in Long Blades
  1275 | D:2      | Reached skill level 1 in Maces & Flails
  1275 | D:2      | Reached skill level 1 in Polearms
  1275 | D:2      | Reached skill level 1 in Staves
  1275 | D:2      | Reached skill level 1 in Slings
  1275 | D:2      | Reached skill level 1 in Bows
  1275 | D:2      | Reached skill level 1 in Crossbows
  1275 | D:2      | Reached skill level 1 in Throwing
  1275 | D:2      | Reached skill level 1 in Armour
  1275 | D:2      | Reached skill level 1 in Dodging
  1275 | D:2      | Reached skill level 1 in Stealth
  1275 | D:2      | Reached skill level 1 in Shields
  1275 | D:2      | Reached skill level 1 in Unarmed Combat
  1275 | D:2      | Reached skill level 1 in Evocations
  1570 | D:2      | Reached XP level 4. HP: 33/41 MP: 5/8
  1800 | D:3      | Found a snail-covered altar of Cheibriados.
  2062 | D:3      | Found a runed translucent gate.
  2063 | D:3      | Found a runed translucent gate.
  2063 | D:3      | Found a runed translucent gate.
  2064 | D:3      | Noticed Lamak's ghost (amateur HOMo)
  2148 | D:3      | Found a burning altar of Makhleb.
  2184 | D:3      | Reached skill level 1 in Conjurations
  2184 | D:3      | Reached skill level 1 in Hexes
  2184 | D:3      | Reached skill level 1 in Summonings
  2184 | D:3      | Reached skill level 1 in Necromancy
  2184 | D:3      | Reached skill level 1 in Translocations
  2184 | D:3      | Reached skill level 1 in Transmutations
  2184 | D:3      | Reached skill level 1 in Ice Magic
  2184 | D:3      | Reached skill level 1 in Air Magic
  2184 | D:3      | Reached skill level 1 in Earth Magic
  2184 | D:3      | Reached skill level 1 in Poison Magic
  2640 | D:4      | Noticed Eustachio
  2655 | D:4      | Killed Eustachio
  2656 | D:4      | Reached XP level 5. HP: 13/47 MP: 0/9
  2656 | D:4      | Reached XP level 6. HP: 15/53 MP: 0/10
  3062 | D:4      | HP: 1/53 [wyvern zombie (6)]
  3304 | D:4      | Learned a level 3 spell: Stone Arrow
  3407 | D:4      | HP: 2/79 [orc priest/divine providence (12)]
  3410 | D:4      | Splashed by a jelly's acid

Illustrated notes

Levels and vault maps discovered:
D:1:      doesnt_arrival_eight_statues, layout_rooms
D:2:      layout_loops_ring, ebering_ecumenical_altar_webs,
          kennysheep_nondescript
D:3:      layout_rooms, mainiacjoe_overflow_cross_hatched,
          mainiacjoe_overflow_boulevard, ebering_ghost_rock_garden,
          grunt_ministairs_5, minmay_ruptured
D:4:      layout_loops_corners, uniq_eustachio

Skill      XL: |  1  2  3  4  5  6 |
---------------+-------------------+-----
Invocations    | 1 2 |  2.3
Short Blades   | 1 2 |  2.1
Long Blades    | 1 2 |  2.1
Maces & Flails | 1 2 |  2.1
Polearms       | 1 2 |  2.1
Staves         | 1 2 |  2.1
Slings         | 1 2 |  2.1
Bows           | 1 2 |  2.1
Crossbows      | 1 2 |  2.1
Throwing       | 1 2 |  2.1
Armour         | 1 2 |  2.1
Dodging        | 1 2 |  2.1
Stealth        | 1 2 |  2.1
Shields        | 1 2 |  2.1
Unarmed Combat | 1 2 |  2.1
Evocations     | 1 2 |  2.1
Spellcasting   | 3 |  3.5
Conjurations   | 1 |  1.7
Hexes          | 1 |  1.7
Summonings     | 1 |  1.7
Necromancy     | 1 |  1.7
Translocations | 1 |  1.7
Transmutations | 1 |  1.7
Ice Magic      | 1 |  1.7
Air Magic      | 1 |  1.7
Earth Magic    | 1 |  1.7
Poison Magic   | 1 |  1.7
Fighting       | |  6.9
Axes           | |  6.9
Fire Magic     | |  5.7

Action                   |  1- 3 |  4- 6 || total
-------------------------+-------+-------++-------
Melee: Hand axe          |    43 |       ||    43
       Bite              |     8 |     3 ||    11
       Dagger            |    21 |   100 ||   121
       Punch             |       |     1 ||     1
 Cast: Scorch            |    12 |    15 ||    27
       Stone Arrow       |       |     1 ||     1
  Use: Scroll            |       |     8 ||     8
       Potion            |       |     5 ||     5
 Stab: Sleeping          |       |     1 ||     1
Armor: Robe              |     7 |       ||     7
       Leather armour    |     2 |    17 ||    19
       Skin              |       |    36 ||    36
Dodge: Dodged            |    39 |    57 ||    96
